 Dungeon Crawl Stone Soup version 0.13.2 (webtiles) character file.

240 Fang the Practitioner (level 4, -1/30 HPs)
             Began as an Octopode Healer on Nov 19, 2019.
             Was a Believer of Elyvilon.
             Slain by an orc
             ... wielding a +0,+0 orcish short sword
              (6 damage)
             ... on Level 3 of the Dungeon.
             The game lasted 00:04:33 (2226 turns).

Fang the Practitioner (Octopode Healer)             Turns: 2226, Time: 00:04:33

HP  -1/30        AC  1     Str 12      XL: 4   Next: 22%
MP   5/8         EV 12     Int 14      God: Elyvilon [**....]
Gold 170         SH  0     Dex 11      Spells:  0 memorised,  3 levels left

Res.Fire  : . . .   See Invis. : .   (no weapon)
Res.Cold  : . . .   Warding    : .   (no shield)
Life Prot.: . . .   Conserve   : .   (helmet restricted)
Res.Poison: .       Res.Corr.  : .   j - amulet of rage
Res.Elec. : .       Clarity    : .   (no ring)
Sust.Abil.: . .     Spirit.Shd : .   (no ring)
Res.Mut.  : .       Stasis     : .   (no ring)
Res.Rott. : .       Flight     : .   (no ring)
Saprovore : . . .                    (no ring)
                                     (no ring)
                                     (no ring)
                                     (no ring)

@: slightly resistant to hostile enchantments, stealthy
A: almost no armour, amphibious, 8 rings, constrict 8, camouflage 1, AC +1
a: Lesser Healing, Lesser Self-Healing, Divine Protection, Purification,
Renounce Religion, Evoke Berserk Rage


You were on level 3 of the Dungeon.
You worshipped Elyvilon.
Elyvilon was pleased with you.
You were hungry.

You visited 1 branch of the dungeon, and saw 3 of its levels.

You collected 70 gold pieces.

Inventory:

Comestibles
 d - 3 bread rations
 i - a lychee
Scrolls
 e - 4 scrolls of remove curse {unknown}
 f - 2 scrolls of teleportation {unknown}
 h - a scroll of blinking {unknown}
 k - a scroll of enchant weapon I {unknown}
 l - a scroll of amnesia {unknown}
 n - a scroll of magic mapping {unknown}
 p - a scroll of noise {unknown}
Jewellery
 j - an amulet of rage (around mantle)
Potions
 a - 2 potions of flight {unknown}
 b - a potion of curing
 c - 2 potions of heal wounds
 g - a potion of degeneration {unknown}
 m - a potion of speed {unknown}
 o - a potion of might {unknown}


   Skills:
 + Level 2.4 Fighting
 + Level 2.9 Dodging
 + Level 1.3 Stealth
 + Level 0.2 Unarmed Combat
 + Level 4.9 Invocations


You had 3 spell levels left.
You didn't know any spells.

Dungeon Overview and Level Annotations

Branches:
Dungeon (3/27)

Altars:
Fedhas
Sif Muna


Innate Abilities, Weirdness & Mutations

You cannot wear most types of armour.
You are amphibious.
You can wear up to eight rings at the same time.
You can use your tentacles to constrict many enemies at once.
Your skin changes colour to match your surroundings (Stlth).
Your rubbery body absorbs attacks (AC +1).


Message History

The orc priest calls down the wrath of Beogh upon you.
Something smites you!
Use which ability? (? or * to list)
Press: ? - help, Dir - move target cursor, f/p - orc priest Heal: an orc priest, wielding a runed orcish trident and wearing an orcish ring mail The light of Elyvilon fails to reach the orc priest.
You feel somewhat more hungry.
The orc hits you with an orcish short sword.
The orc wizard mumbles some strange words.
The orc wizard flickers and vanishes!
Deactivating autopickup; reactivate with Ctrl-A.
Use which ability? (? or * to list)
Press: ? - help, Dir - move target cursor, f/p - orc priest Heal: an orc priest, wielding a runed orcish trident and wearing an orcish ring mail The light of Elyvilon fails to reach the orc priest.
You feel somewhat more hungry.
The orc priest hits you from afar with a runed orcish trident.
* * * LOW HITPOINT WARNING * * *
The orc hits you with an orcish short sword.
You die...

## . .#
#.## ##...#
#@oo.#
#{.o...#
#.........#
#.......).#
#####.....#
.#### .# .#


You could see an orc priest and 2 orcs.

Vanquished Creatures
  2 adders (D:2)
  2 worms (D:2)
  2 giant geckos (D:1)
  2 goblins
  4 hobgoblins
  2 quokkas (D:2)
  A ball python (D:1)
  4 bats
  5 giant newts
  A kobold (D:2)
  A rat (D:1)
26 creatures vanquished.

Notes
Turn   | Place    | Note
--------------------------------------------------------------
     0 | D:1      | Fang, the Octopode Healer, began the quest for the Orb.
     0 | D:1      | Reached XP level 1. HP: 14/14 MP: 2/2
   363 | D:1      | Reached XP level 2. HP: 10/19 MP: 4/4
   948 | D:2      | Reached XP level 3. HP: 18/24 MP: 6/6
  1170 | D:2      | Reached skill level 1 in Stealth
  1346 | D:2      | Found a blossoming altar of Fedhas.
  1346 | D:2      | Found a deep blue altar of Sif Muna.
  1722 | D:2      | Reached XP level 4. HP: 13/30 MP: 8/8
  2226 | D:3      | Slain by an orc

Action                   |  1- 3 |  4- 6 || total
-------------------------+-------+-------++-------
Melee: Unarmed           |    79 |     8 ||    87
Invok: Lesser Healing    |    23 |     5 ||    28
 Stab: Sleeping          |     1 |     1 ||     2
